 Dungeon Crawl Stone Soup version 0.30.0-29-ga12c61a403 (webtiles) character file.

Game seed: 13606172438472110212

163 Cheops the Digger (level 5, -1/40 HPs)
             Began as an Armataur Earth Elementalist on June 14, 2023.
             Slain by a scorpion (5 damage)
             ... on level 4 of the Dungeon.
             The game lasted 00:08:20 (2923 turns).

Cheops the Digger (Armataur Earth Elementalist)     Turns: 2923, Time: 00:08:20

Health: -1/40      AC:  4    Str: 13    XL:     5   Next: 20%
Magic:  0/9        EV:  9    Int: 18    God:
Gold:   160        SH:  0    Dex: 10    Spells: 4/10 levels left

rFire   . . .        a - +2 short sword (venom)
rCold   + . .        (no shield)
rNeg    . . .        i - +0 robe of Autumn {rC+ rCorr}
rPois   .            (no helmet)
rElec   .            (no cloak)
rCorr   +            (no gloves)
SInv    .            (no barding)
Will    .....        n - amulet of the acrobat
Stlth   ++           (no ring)
HPRegen 0.26/turn    (no ring)
MPRegen 0.11/turn

%: acrobat, roll
@: lethally poisoned (-1 -> -7)
A: large, rugged brown scales 3, deformed body, armoured tail, roll, long
tongue, awkward tongue
a: no special abilities


You were on level 4 of the Dungeon.
You visited 1 branch of the dungeon, and saw 4 of its levels.

You collected 262 gold pieces.
You spent 102 gold pieces at shops.

Inventory:

Hand Weapons
 a - a +2 short sword of venom (weapon)
Armour
 i - the +0 robe of Autumn (worn) {rC+ rCorr}
   (You bought it in a shop on level 3 of the Dungeon)

   rC:        It protects you from cold.
   rCorr:     It protects you from acid and corrosion.
Jewellery
 n - an amulet of the acrobat (around neck)
Wands
 j - a wand of roots (10)
Scrolls
 g - 4 scrolls of identify {unknown}
 h - 2 scrolls of amnesia {unknown}
 l - a scroll of teleportation {unknown}
 m - a scroll of fog {unknown}
Potions
 b - a potion of magic
 c - a potion of attraction {unknown}
 d - 2 potions of curing {unknown}
 e - a potion of brilliance {unknown}
 f - a potion of heal wounds {unknown}
 k - a potion of flight {unknown}


   Skills:
 - Level 1.3 Dodging
 + Level 3.5 Stealth
 - Level 3.0 Spellcasting
 - Level 0.8 Transmutations
 * Level 4.1 Earth Magic


You had 4 spell levels left.
You knew the following spells:

 Your Spells              Type           Power      Damage    Failure   Level
a - Sandblast             Erth           34%        2d9       3%          1
b - Stone Arrow           Conj/Erth      20%        3d8       21%         3
P - Passwall              Tmut/Erth      9%         N/A       9%          2

Your spell library contained the following spells:

 Spells                   Type           Power      Damage    Failure   Level
 Static Discharge         Conj/Air       4%         2-3/arc   24%         2
 Petrify                  Tmut/Erth      11%        N/A       50%         4
 Airstrike                Air            1%         2d(1-17)  85%         4
 Passage of Golubria      Tloc           2%         N/A       85%         4
 Summon Lightning Spire   Summ/Air       2%         N/A       85%         4
 Silence                  Hex/Air        1%         N/A       99%         5
 Lehudib's Crystal Spear  Conj/Erth      5%         10d3      100%        8


Dungeon Overview and Level Annotations

Branches:
Dungeon (4/15)
 Temple: D:4-7

Altars:

Shops:
D:1 =   D:2 :([   D:3 [


Innate Abilities, Weirdness & Mutations

You are completely covered in rugged brown scales. (AC +3, +7% HP)
Armour fits poorly on your strangely shaped body.
You have a long armoured tail.
You roll when moving toward enemies. (Rampage)
Your long tongue fully drains potion bottles. (2x potion effects)
Your tongue gives you trouble enunciating. (1.5x scroll delay)


Message History

Aim: a scorpion (heavily wounded, 82% to hit)
The blast of sand hits the scorpion.
The scorpion is severely wounded.
You feel sick. The scorpion stings you.
You are more poisoned.
The scorpion poisons you! The scorpion misses you.
Casting: Sandblast (safe; 3% risk of failure)
Confirm with . or Enter, or press ? or * to list all spells.
Aiming: Sandblast (safe; 3% risk of failure)
Press: ? - help, Shift-Dir - straight line, f/p - scorpion
Aim: a scorpion (severely wounded, 82% to hit)
The blast of sand hits the scorpion.
The scorpion is severely wounded.
You feel very sick. The scorpion stings you.
* * * LOW HITPOINT WARNING * * *
The scorpion stings you.
* * * LOW HITPOINT WARNING * * *
Casting: Sandblast (safe; 3% risk of failure)
Confirm with . or Enter, or press ? or * to list all spells.
Aiming: Sandblast (safe; 3% risk of failure)
Press: ? - help, Shift-Dir - straight line, f/p - scorpion
Aim: a scorpion (severely wounded, 82% to hit)
The blast of sand hits the scorpion.
The scorpion is almost dead.
* * * LOW HITPOINT WARNING * * *
You feel very sick. The scorpion stings you.
* * * LOW HITPOINT WARNING * * *
Casting: Sandblast (safe; 3% risk of failure)
Confirm with . or Enter, or press ? or * to list all spells.
Aiming: Sandblast (safe; 3% risk of failure)
Press: ? - help, Shift-Dir - straight line, f/p - scorpion
Aim: a scorpion (almost dead, 82% to hit)
The blast of sand misses the scorpion.
The blast of sand hits the dart slug!
You kill the dart slug!
* * * LOW HITPOINT WARNING * * *
You feel very sick. The scorpion stings you.
You die...

#. #<# #.#.#.#
#. #.#
###.#.#.### ..
... ..........#
##
##.##..........#
#.# .######.###
#.# #.# ... #.#
#.#..######.#
....)†s@.#
..######## # ##
.. .# ... .#
....##.##.#
.....<....#
....##.#..#
.####


You could see a scorpion.

Vanquished Creatures
  Terence (D:2)
  3 gnolls (D:2)
  5 adders
  3 dart slugs
  5 orcs (D:3)
  4 ball pythons
  4 endoplasms
  5 goblins
  6 hobgoblins
  8 kobolds
  2 quokkas
  4 bats
  2 frilled lizards
  3 rats (D:3)
55 creatures vanquished.

Notes
Turn   | Place    | Note
-------+----------+-------------------------------------------
     0 | D:1      | Cheops the Armataur Earth Elementalist began the quest for
                  | the Orb.
     0 | D:1      | Reached XP level 1. HP: 14/14 MP: 3/3
   272 | D:1      | You fall into a shaft and drop 1 floor!
   321 | D:2      | Reached skill level 3 in Earth Magic
   321 | D:2      | Reached XP level 2. HP: 21/21 MP: 1/5
   460 | D:2      | Reached XP level 3. HP: 26/27 MP: 0/6
   534 | D:2      | Noticed a walking divine tome
   535 | D:2      | Found Luck's Book Boutique.
   553 | D:2      | Noticed a walking earthen tome
   568 | D:2      | Noticed Terence
   853 | D:3      | Found Veluruf's Antique Armour Boutique.
   864 | D:3      | Bought a steaming robe for 102 gold pieces
   864 | D:3      | Identified the +0 robe of Autumn {rC+ rCorr} (You bought it
                  | in a shop on level 3 of the Dungeon)
   931 | D:3      | Noticed a golden eye
   935 | D:3      | Found a faded altar of an unknown god.
   940 | D:3      | Noticed a floating eye
   944 | D:3      | Noticed a floating eye
   944 | D:3      | Noticed a floating eye
  1326 | D:3      | Learned a level 2 spell: Passwall
  1330 | D:3      | Learned a level 3 spell: Stone Arrow
  1427 | D:2      | Found Hamot's Armour Shop.
  1446 | D:2      | Reached XP level 4. HP: 17/35 MP: 1/8
  1717 | D:2      | Killed Terence
  1825 | D:2      | Reached skill level 4 in Earth Magic
  1885 | D:2      | Found Yti Ipai's Antique Weapon Emporium.
  1896 | D:2      | Reached XP level 5. HP: 40/40 MP: 5/9
  2430 | D:1      | Found Weodin's Jewellery Emporium.
  2923 | D:4      | Slain by a scorpion

Illustrated notes

Levels and vault maps discovered:
D:1:      dpeg_arrival_chambers_temple_mockup, layout_basic, serial_shops, shop
D:2:      layout_basic, serial_shops, nicolae_shop_behind_doors,
          nicolae_shop_just_a_little_nook, nicolae_shop_mannequins,
          minmay_stone_trees_small, uniq_terence
D:3:      layout_basic, hellmonk_ecumenical_altar_watching_god, serial_shops,
          shop_fountains
D:4:      layout_loops_ring, xom_teletrap_fun, marbit_many_paths

Skill      XL: |  1  2  3  4 |
---------------+-------------+-----
Spellcasting   | 2 3 |  3.0
Earth Magic    | 3 4 |  4.1
Stealth        | 3 |  3.5
Dodging        | |  1.3
Transmutations | |  0.8

Action                     |  1- 3 |  4- 6 || total
---------------------------+-------+-------++-------
  Melee: Short sword       |     3 |     4 ||     7
         Tailslap          |     1 |       ||     1
   Cast: Sandblast         |    47 |    42 ||    89
         Stone Arrow       |       |     2 ||     2
 Armour: Robe              |     5 |     3 ||     8
  Dodge: Dodged            |     7 |    10 ||    17
